 Dungeon Crawl Stone Soup version 0.30-a0-630-g881e3bac89 (webtiles) character file.

Game seed: 8714868220094199320

14123 M4edhros the Covert (level 12, -2/75 HPs)
             Began as an Octopode Artificer on Jan 13, 2023.
             Was a High Priest of Cheibriados.
             Slain by an eight-headed hydra (14 damage)
             ... on level 2 of the Lair of Beasts.
             The game lasted 00:20:05 (9205 turns).

M4edhros the Covert (Octopode Artificer)            Turns: 9205, Time: 00:20:06

Health: -2/75      AC:  1    Str: 28    XL:     12   Next: 13%
Magic:  15/15      EV: 22    Int: 27    God:    Cheibriados [*****.]
Gold:   759        SH:  0    Dex: 31    Spells: 8/11 levels left

rFire   . . .      SeeInvis .    g - +6 halberd "Ogrebane" {heavy, rElec Str+2}
rCold   . . .      Faith    .    (shield currently unavailable)
rNeg    . . .      Spirit   .    (helmet restricted)
rPois   +          Reflect  .    D - amulet "Lanoboes" {Contam rElec rPois Regen+ Stlth+}
rElec   +          Harm     .    (no ring)
rCorr   .          Rampage  .    (no ring)
Will    .....                    (no ring)
Stlth   +++++++++                (no ring)
HPRegen 1.12/turn                (no ring)
MPRegen 0.14/turn                (no ring)
                                 (no ring)
                                 (no ring)

@: very slow
A: almost no armour, amphibious, 8 rings, camouflage 1, gelatinous body 1,
(nimble swimmer 1), tentacles
a: Renounce Religion, Bend Time, Temporal Distortion, Slouch, Step From Time


You were on level 2 of the Lair of Beasts.
You worshipped Cheibriados.
Cheibriados was extremely pleased with you.
You visited 3 branches of the dungeon, and saw 13 of its levels.

You collected 816 gold pieces.
You spent 30 gold pieces at shops.
You donated 27 gold pieces to Zin.

Inventory:

Hand Weapons
 a - a +0 club
 g - the +6 halberd "Ogrebane" (weapon) {heavy, rElec Str+2}
   (You found it on level 2 of the Dungeon)

   Str:       It affects your strength (+2).
   rElec:     It insulates you from electricity.
 t - the +6 dagger of Mourning {flame, Stlth+}
   (You found it on level 6 of the Dungeon)

   Stlth:     It makes you more stealthy.
 x - a +2 dagger of protection
Missiles
 p - 2 throwing nets
 z - 32 poisoned darts
Jewellery
 y - a ring of fire
 D - the amulet "Lanoboes" (around mantle) {Contam rElec rPois Regen+ Stlth+}
   (You found it on level 5 of the Dungeon)

   [amulet of regeneration]

   rElec:     It insulates you from electricity.
   rPois:     It protects you from poison.
   Contam:    It causes magical contamination when unequipped.
   Regen:     It increases your rate of health regeneration.
   Stlth:     It makes you more stealthy.
 G - an amulet of magic regeneration
Wands
 b - a wand of flame (44) (quivered)
 d - a wand of iceblast (6)
 q - a wand of quicksilver (11)
 u - a wand of mindburst (6)
Scrolls
 e - 3 scrolls of magic mapping
 f - 3 scrolls of poison
 h - a scroll of butterflies
 i - 4 scrolls of noise
 j - 2 scrolls of teleportation
 m - a scroll of blinking
 o - a scroll of vulnerability {unknown}
 w - 2 scrolls of fear
 B - a scroll of brand weapon {unknown}
 E - 2 scrolls of acquirement {unknown}
 F - a scroll of immolation {unknown}
 H - 4 scrolls of identify
Potions
 c - 2 potions of flight
 k - 4 potions of might
 l - a potion of lignification
 n - 2 potions of attraction
 r - 3 potions of brilliance
 v - 4 potions of degeneration
 A - 3 potions of magic
 C - 5 potions of ambrosia
Miscellaneous
 s - a tin of tremorstones (1/2)


   Skills:
 + Level 4.3 Fighting
 * Level 10.5 Polearms
 + Level 7.9 Dodging
 * Level 14.8 Stealth
 - Level 2.8 Conjurations
 - Level 4.1 Air Magic
 - Level 3.3 Poison Magic
 - Level 5.1 Invocations
 - Level 5.4 Evocations


You had 8 spell levels left.
You knew the following spells:

 Your Spells              Type           Power      Damage    Failure   Level
a - Mephitic Cloud        Conj/Pois/Air  18%        N/A       9%          3

Your spell library contained the following spells:

 Spells                   Type           Power      Damage    Failure   Level
 Magic Dart               Conj           60%        1d6       3%          1
 Swiftness                Air            22%        N/A       6%          3
 Freeze                   Ice            0%         1d3       12%         1
 Call Imp                 Summ           0%         N/A       19%         2
 Ensorcelled Hibernation  Hex/Ice        0%         N/A       19%         2
 Passwall                 Tmut/Erth      0%         N/A       19%         2
 Hailstorm                Conj/Ice       7%         3d4       21%         3
 Frozen Ramparts          Ice            0%         1d1       34%         3


Dungeon Overview and Level Annotations

Branches:
Dungeon (10/15)            Temple (1/1) D:5            Lair (2/5) D:8
  Swamp: Lair:2-3    Shoals: Lair:2-3     Snake: Lair:2-3    Spider: Lair:2-3
    Orc: D:9-12

Altars:
Cheibriados
Dithmenos
Fedhas
Gozag
Hepliaklqana
Makhleb
Nemelex Xobeh
Uskayaw
Wu Jian
Zin

Shops:
D:5 *

Annotations:
D:3 1 runed translucent door, Crazy Yiuf
D:10 1 exclusion


Innate Abilities, Weirdness & Mutations

You cannot wear most types of armour.
You are amphibious.
You can wear up to eight rings at the same time.
Your skin changes colour to match your surroundings (Stealth+).
Your rubbery body absorbs attacks. (AC +1, EV +1)
((You are camouflaged when in or above water. (Stealth+)))
You have tentacles for arms and can constrict up to eight enemies at once.


Message History

A cane toad is nearby!
You slash the cane toad!
You squeeze the cane toad, but do no damage.
The cane toad is heavily wounded.
You constrict the cane toad. The cane toad completely misses you.
The cane toad misses you.
A cane toad is nearby!
You hit the cane toad.
The cane toad is severely wounded.
You constrict the cane toad!!
You kill the cane toad!
Cheibriados thoroughly appreciates the change of pace.
Cheibriados raises the support of your attributes as your movement slows.
You see here a cane toad corpse.
A six-headed hydra comes into view.
A six-headed hydra is nearby!
A six-headed hydra is nearby!
A six-headed hydra is nearby!
A six-headed hydra is nearby!
You reach to attack!
The helpless six-headed hydra fails to defend itself.
You chop one of the six-headed hydra's heads off!
The five-headed hydra grows two more!
You slice the seven-headed hydra!!
The seven-headed hydra is heavily wounded.
You lop one of the seven-headed hydra's heads off!
The six-headed hydra grows two more!
You puncture the eight-headed hydra! You squeeze the eight-headed hydra!
The eight-headed hydra is heavily wounded.
The eight-headed hydra bites you!
The eight-headed hydra completely misses you.
The eight-headed hydra bites you!
The eight-headed hydra closely misses you.
The eight-headed hydra bites you! x2
The eight-headed hydra bites you but does no damage.
The eight-headed hydra barely misses you. x2
The eight-headed hydra bites you!
* * * LOW HITPOINT WARNING * * *
The eight-headed hydra barely misses you.
The eight-headed hydra misses you. The eight-headed hydra bites you!
You die...

### ## .P###.. #
..... .##
#...###.P#
#.......##
##.D...#..#
##..@...#.###
.#.......P...#
#.............##
##...#.......##
##.##.......# ##
##.####.#
........#
..........##
...........#


You could see an eight-headed hydra.

Vanquished Creatures
  3 two-headed ogres
  Pikel (D:7)
  A manticore (D:9)
  A black mamba (Lair:1)
  Maurice (D:8)
  3 cane toads (Lair:2)
  A komodo dragon (Lair:1)
  Maggie (D:7)
  A troll (D:10)
  A queen bee (Lair:1)
  A hornet (D:7)
  3 blink frogs (Lair:1)
  Sigmund (D:4)
  A wraith (D:10)
  2 basilisks (Lair:1)
  Grum (Lair:1)
  A steam dragon (D:8)
  8 water moccasins
  Duvessa (D:7)
  Pargi (D:4)
  A sky beast (D:5)
  7 orc warriors
  A black bear (D:4)
  5 wolves
  5 ogres
  2 phantoms
  A lemure (D:7)
  3 centaurs
  4 kobold brigands
  Blork the orc (D:5)
  4 bullfrogs
  4 scorpions
  A necrophage (D:5)
  A gnoll sergeant (D:7)
  15 wights
  Dowan (D:7)
  29 killer bees
  2 howler monkeys
  6 hounds
  2 jellies
  9 orc priests
  Ijyb (D:5)
  5 iguanas
  9 orc wizards
  4 gnolls
  8 adders
  2 shadow imps
  2 white imps
  An ufetubus (D:5)
  5 worms
  2 dart slugs
  31 orcs
  5 ball pythons
  8 endoplasms
  3 giant cockroaches
  11 goblins
  7 hobgoblins
  4 jackals (D:2)
  21 kobolds
  2 quokkas
  6 bats
  6 frilled lizards
  7 rats
288 creatures vanquished.

Vanquished Creatures (collateral kills)
  An ice beast (D:6)
  2 wights (D:7)
  An orc priest (D:7)
  3 gnolls (D:6)
  An adder (D:2)
  A dart slug (D:2)
  9 orcs
18 creatures vanquished.

Vanquished Creatures (others)
  A scorpion (D:6)
  2 wights
  A gnoll (D:7)
  An adder (D:2)
  3 fungi (Lair:2)
  A plant (Lair:1)
9 creatures vanquished.

Grand Total: 315 creatures vanquished

Notes
Turn   | Place    | Note
-------+----------+-------------------------------------------
     0 | D:1      | M4edhros the Octopode Artificer began the quest for the
                  | Orb.
     0 | D:1      | Reached XP level 1. HP: 13/13 MP: 1/1
   160 | D:1      | Reached XP level 2. HP: 11/18 MP: 2/2
   216 | D:1      | Reached skill level 2 in Stealth
   314 | D:2      | Found an ornate altar of the Wu Jian Council.
   317 | D:2      | Found a faded altar of an unknown god.
   318 | D:2      | Reached XP level 3. HP: 10/23 MP: 3/3
   534 | D:2      | Identified the +6 halberd "Ogrebane" {heavy, rElec Str+2}
   614 | D:2      | Reached XP level 4. HP: 27/29 MP: 4/4
   917 | D:4      | Reached skill level 1 in Polearms
   917 | D:4      | Reached skill level 3 in Stealth
   976 | D:4      | Noticed a phantom
   977 | D:4      | Reached XP level 5. HP: 34/34 MP: 5/5
   981 | D:4      | Killed a phantom
   982 | D:4      | Reached skill level 4 in Stealth
   992 | D:4      | Reached XP level 6. HP: 30/41 MP: 6/6
  1102 | D:4      | Noticed a black bear
  1106 | D:4      | Killed a black bear
  1254 | D:4      | Noticed Pargi
  1262 | D:4      | Killed Pargi
  1263 | D:4      | Reached skill level 5 in Stealth
  1263 | D:4      | Reached XP level 7. HP: 13/45 MP: 7/7
  1384 | D:4      | Found a glowing silver altar of Zin.
  1407 | D:4      | Became a worshipper of Zin the Law-Giver
  1407 | D:4      | Reached * piety under Zin
  1421 | D:5      | Entered Level 5 of the Dungeon
  1609 | D:5      | Reached skill level 1 in Invocations
  1663 | D:5      | Reached skill level 6 in Stealth
  1752 | D:6      | Reached XP level 8. HP: 40/52 MP: 7/9
  1753 | D:6      | Reached skill level 5 in Evocations
  1993 | D:6      | Identified the +6 dagger of Mourning {flame, Stlth+}
  2171 | D:6      | Reached skill level 7 in Stealth
  2219 | D:6      | Was placed under penance by Zin
  2381 | D:7      | Reached skill level 5 in Polearms
  2413 | D:7      | Noticed a hornet
  2415 | D:7      | Killed a hornet
  2416 | D:7      | Reached skill level 8 in Stealth
  2416 | D:7      | Reached XP level 9. HP: 58/58 MP: 9/11
  2472 | D:7      | Reached skill level 5 in Dodging
  2526 | D:7      | Reached skill level 9 in Stealth
  2540 | D:7      | Found a sparkling altar of Nemelex Xobeh.
  2579 | D:7      | Found a hide-covered altar of Uskayaw.
  2918 | D:7      | Noticed Dowan
  2919 | D:7      | Noticed Duvessa
  2928 | D:7      | Killed Duvessa
  2996 | D:7      | Killed Dowan
  3013 | D:7      | Noticed Maggie
  3020 | D:7      | Killed Maggie
  3311 | D:7      | Was forgiven by Zin
  3359 | D:7      | Reached skill level 10 in Stealth
  3569 | D:7      | Noticed Pikel
  3585 | D:7      | Killed Pikel
  3586 | D:7      | Reached XP level 10. HP: 60/63 MP: 13/13
  3906 | D:5      | Noticed Blork the orc
  3910 | D:5      | Killed Blork the orc
  3945 | D:5      | Found Qameclesm's General Store.
  3948 | D:5      | Bought a scroll of teleportation for 30 gold pieces
  3950 | D:5      | Found a staircase to the Ecumenical Temple.
  3958 | D:5      | Reached skill level 11 in Stealth
  3968 | Temple   | Entered the Ecumenical Temple
  3975 | Temple   | Fell from the grace of Zin
  3975 | Temple   | Became a worshipper of Cheibriados the Contemplative
  4017 | D:5      | Noticed Ijyb
  4019 | D:5      | Killed Ijyb
  4055 | D:4      | Reached skill level 5 in Invocations
  4070 | D:4      | Found an opulent altar of Gozag.
  4333 | D:4      | Noticed Sigmund
  4336 | D:4      | Killed Sigmund
  4707 | D:3      | Found a runed translucent door.
  4708 | D:3      | Noticed Crazy Yiuf
  4778 | D:3      | Reached * piety under Cheibriados
  5132 | D:3      | Learned a level 3 spell: Mephitic Cloud
  6522 | D:5      | Noticed a two-headed ogre
  6524 | D:5      | Killed a two-headed ogre
  6525 | D:5      | Reached skill level 1 in Conjurations
  6525 | D:5      | Reached skill level 1 in Air Magic
  6525 | D:5      | Reached skill level 1 in Poison Magic
  6528 | D:5      | Identified the amulet "Lanoboes" {Contam rElec rPois Regen+
                  | Stlth+}
  6540 | D:5      | Identified the +0 war axe "Zodeesh" {heavy, Str-4 Int+3
                  | SInv}
  6583 | D:5      | Reached ** piety under Cheibriados
  6649 | D:5      | Reached skill level 12 in Stealth
  7052 | D:8      | Found a staircase to the Lair.
  7073 | D:8      | Noticed Maurice
  7084 | D:8      | Reached *** piety under Cheibriados
  7089 | D:8      | Killed Maurice
  7090 | D:8      | Reached XP level 11. HP: 46/69 MP: 14/14
  7610 | D:9      | Reached **** piety under Cheibriados
  7633 | D:9      | Noticed a two-headed ogre
  7637 | D:9      | Killed a two-headed ogre
  7652 | D:9      | Noticed a manticore
  7657 | D:9      | Killed a manticore
  7793 | D:10     | Entered Level 10 of the Dungeon
  7794 | D:10     | Noticed a two-headed ogre
  7797 | D:10     | Reached skill level 13 in Stealth
  7808 | D:10     | HP: 4/103 [two-headed ogre/+0 giant spiked club (10)]
  7809 | D:10     | Killed a two-headed ogre
  8094 | D:10     | Found an ornate altar of the Wu Jian Council.
  8215 | D:10     | Found a shadowy altar of Dithmenos.
  8348 | Lair:1   | Entered Level 1 of the Lair of Beasts
  8373 | Lair:1   | Noticed Grum
  8380 | Lair:1   | Killed Grum
  8580 | Lair:1   | Reached ***** piety under Cheibriados
  8597 | Lair:1   | Reached skill level 14 in Stealth
  8678 | Lair:1   | Reached skill level 10 in Polearms
  8928 | Lair:2   | Reached XP level 12. HP: 74/74 MP: 15/15
  9198 | Lair:2   | Noticed a six-headed hydra
  9205 | Lair:2   | Slain by an eight-headed hydra

Illustrated notes

Levels and vault maps discovered:
D:1:      nicolae_arrival_washed_ashore, layout_basic, minmay_splitting_lines,
          supply_closet_lemuel, minmay_stone_trees_large
D:2:      layout_rooms, basic_altar, basic_ecumenical_altar, minmay_box_of_dots
D:3:      layout_basic, solitary_fountain, kennysheep_small_spiral,
          uniq_crazy_yiuf_cottage
D:4:      layout_basic, amcnicky_altar_gilded,
          nicolae_gozag_cash_rules_everything_around_me, sigmund_army,
          uniq_pargi
D:5:      kennysheep_windowed_halls, layout_loops_ring,
          minmay_temple_entry_grid, serial_shops, nicolae_shop_behind_doors,
          uniq_ijyb, uniq_blork_the_orc
D:6:      layout_rooms
D:7:      nicolae_cairo_tiling_very_big, layout_basic,
          mainiacjoe_overflow_boulevard, marbit_many_paths, uniq_duvessa,
          uniq_pikel, uniq_maggie
D:8:      layout_rooms, dpeg_oklobed_lair, uniq_maurice
D:9:      layout_roguey, hiddenorc1_lemuel, columned_hall_lemuel
D:10:     layout_irregular_city, lemuel_doored_altar,
          mainiacjoe_overflow_surrounded_room,
          nicolae_wu_jian_immortal_techniques
Temple:   nicolae_temple_superstar
Lair:1:   layout_roguey [special_room_bee], uniq_grum
Lair:2:   layout_regular_city, nicolae_snake_entry_squirm

Skill      XL: |  1  2  3  4  5  6  7  8  9 10 11 |
---------------+----------------------------------+-----
Stealth        | 2 3 4 5 6 8 10 12 14 | 14.8
Dodging        | 3 4 5 6 7 |  7.9
Fighting       | 2 3 4 |  4.3
Polearms       | 1 2 3 5 7 8 10 | 10.5
Evocations     | 4 5 |  5.4
Invocations    | 1 2 4 5 |  5.1
Conjurations   | 2 |  2.8
Air Magic      | 3 4 |  4.1
Poison Magic   | 2 3 |  3.3

Action                   |  1- 3 |  4- 6 |  7- 9 | 10-12 || total
-------------------------+-------+-------+-------+-------++-------
Melee: Club              |    46 |       |       |       ||    46
       Constrict         |    18 |     3 |    10 |    37 ||    68
       Tentacles         |     9 |     3 |    10 |    30 ||    52
       Punch             |     3 |       |       |     4 ||     7
       Halberd           |    14 |    30 |    97 |   267 ||   408
Invok: Recite            |       |       |     1 |       ||     1
Evoke: Wand              |     3 |     1 |    28 |    26 ||    58
       Tin of tremorston |       |       |       |     1 ||     1
  Use: Potion            |     1 |       |     4 |     5 ||    10
       Scroll            |       |       |       |    14 ||    14
 Stab: Sleeping          |     4 |     7 |    10 |    68 ||    89
       Distracted        |     1 |       |     1 |     3 ||     5
       Paralysed         |       |       |     5 |     3 ||     8
       Betrayed ally     |       |       |     1 |       ||     1
Armor: Skin              |    11 |     2 |     1 |    81 ||    95
Dodge: Dodged            |    59 |    18 |    71 |   246 ||   394

Table legend: (Time is in decaauts)
 A = Elapsed time spent in this place.
 B = Non-inter-level travel time spent in this place.
 C = Inter-level travel time spent in this place.
 D = Time resting spent in this place.
 E = Time spent auto-exploring this place.
 F = Levels seen in this place.
 G = Mean time per level.
                   A        B        C        D        E       F      G
               +--------+--------+--------+--------+--------+-----+--------+
         Total |  11697 |  10765 |    932 |    673 |   6942 |  13 |  899.8 |
       Dungeon |  10227 |   9327 |    900 |    632 |   5798 |  10 | 1022.7 |
        Temple |     16 |      8 |      8 |      0 |      0 |   1 |   16.0 |
          Lair |   1454 |   1431 |     23 |     41 |   1144 |   2 |  727.0 |
               +--------+--------+--------+--------+--------+-----+--------+

Top non-repeatable levels by time:
     D:7: 1670 daAuts
     D:4: 1305 daAuts
     D:1: 1196 daAuts
     D:5: 1190 daAuts
     D:3: 1144 daAuts
  Lair:1: 943 daAuts
     D:9: 861 daAuts
     D:2: 784 daAuts
     D:6: 738 daAuts
    D:10: 686 daAuts
     D:8: 648 daAuts
  Lair:2: 510 daAuts
  Temple: 16 daAuts
